Map: Blackburn LE

Players

Probe

  • Race: Protoss Protoss

MeomaikA - Winner!

  • Race: Zerg Zerg

Event: DreamHack SC2 Masters 2021 Fall

VOD

Have the link to the VOD?

Description

Time

  • Played on: Aug. 1, 2021, 6:20 a.m.
  • Length: 12:44

All games in this series

Show
View Real Time Build Order
Export as new Build Order

Probe Protoss 

Build Orders: 1 Gate Expand, Oracle Opening 

Get SALT Encoding   

  12  0:00  Probe  
  13  0:12  Probe  
  14  0:20  Pylon  
  14  0:24  Probe  
  15  0:38  Gateway, Probe (Chrono Boost)  
  16  0:46  Probe (Chrono Boost)  
  16  0:48  Assimilator  
  17  0:52  Probe  
  18  1:04  Probe  
  19  1:16  Probe  
  20  1:26  Cybernetics Core  
  20  1:35  Nexus  
  20  1:39  Probe  
  21  1:45  Pylon  
  21  1:51  Probe  
  21  1:53  Assimilator  
  22  2:00  Adept (Chrono Boost)  
  22  2:03  Probe  
  22  2:07  Warp Gate  
  25  2:15  Probe  
  26  2:23  Adept (Chrono Boost)  
  26  2:27  Probe  
  29  2:39  Probe  
  29  2:43  Stargate  
  30  2:50  Probe  
  31  2:51  Probe  
  31  2:54  Shield Battery  
  32  3:03  Probe (Chrono Boost)  
  34  3:07  Probe (Chrono Boost)  
  35  3:13  Probe (Chrono Boost)  
  35  3:16  Probe (Chrono Boost)  
  35  3:18  Gateway, Probe (Chrono Boost)  
  35  3:19  Void Ray (Chrono Boost)  
  35  3:22  Pylon  
  35  3:26  Probe  
  37  3:30  Probe  
  42  3:38  Probe  
  43  3:42  Probe  
  44  3:50  Probe  
  44  3:52  Oracle (Chrono Boost)  
  44  3:53  Pylon  
  44  3:54  Probe  
  49  4:00  Assimilator x2  
  49  4:02  Probe  
  50  4:03  Robotics Facility  
  50  4:06  Probe  
  51  4:10  Adept  
  51  4:13  Gateway  
  51  4:14  Probe  
  54  4:18  Probe  
  54  4:23  Pylon  
  55  4:26  Probe  
  55  4:31  Probe  
  57  4:38  Probe  
  57  4:43  Probe  
  57  4:45  Nexus  
  59  4:47  Void Ray  
  59  4:51  Probe  
  60  4:55  Probe  
  60  4:56  Robotics Bay  
  65  5:00  Pylon  
  65  5:03  Probe  
  65  5:04  Observer  
  67  5:08  Probe  
  68  5:15  Probe  
  68  5:16  Stargate  
  68  5:18  Pylon  
  68  5:20  Probe  
  70  5:25  Forge  
  70  5:30  Pylon  
  70  5:32  Shield Battery  
  70  5:33  Shield Battery  
  70  5:37  Probe  
  70  5:40  Disruptor (Chrono Boost)  
  70  5:41  Shield Battery  
  70  5:42  Shield Battery  
  71  5:45  Void Ray (Chrono Boost)  
  74  5:52  Probe  
  79  5:58  Probe x2  
  81  6:05  Photon Cannon  
  81  6:07  Void Ray (Chrono Boost)  
  81  6:08  Photon Cannon  
  81  6:13  Photon Cannon  
  81  6:15  Disruptor (Chrono Boost)  
  81  6:27  Void Ray (Chrono Boost)  
  83  6:33  Zealot x2  
  83  6:37  Void Ray  
  87  6:44  Disruptor  
  89  6:48  Probe  
  85  6:54  Zealot x2  
  85  6:55  Probe  
  81  7:01  Shield Battery  
  81  7:05  Probe x2  
  76  7:14  Void Ray  
  72  7:19  Disruptor  
  72  7:22  Probe x2  
  78  7:24  Pylon  
  77  7:34  Probe  
  78  7:40  Probe  
  78  7:42  Zealot  
  75  7:44  Zealot  
  75  7:46  Probe  
  75  7:48  Void Ray  
  76  7:52  Probe  
  76  7:58  Probe (Chrono Boost)  
  59  8:04  Probe (Chrono Boost)  
  53  8:07  Void Ray  
  53  8:10  Probe (Chrono Boost)  
  51  8:13  Disruptor  
  51  8:14  Observer  
  51  8:16  Adept x2, Probe (Chrono Boost)  
  51  8:19  Probe (Chrono Boost)  
  64  8:21  Probe (Chrono Boost)  
  64  8:25  Probe  
  66  8:30  Probe  
  66  8:31  Pylon  
  67  8:37  Probe  
  67  8:39  Observer  
  72  8:42  Probe  
  73  8:49  Probe  
  73  8:50  Shield Battery  
  73  8:53  Shield Battery  
  73  8:55  Disruptor, Probe  
  82  9:15  Nexus  
  74  9:18  Photon Cannon  
  74  9:19  Photon Cannon  
  74  9:21  Shield Battery  
  74  9:24  Twilight Council  
  74  9:32  Shield Battery  
  74  9:35  Photon Cannon  
  74  9:43  Zealot x2  
  74  9:44  Void Ray  
  78  9:49  Probe  
  67  9:56  Void Ray  
  67  9:57  Probe  
  65  10:02  Disruptor, Probe  
  73  10:09  Sentry x2  
  77  10:20  Dark Shrine  
  77  10:24  Gateway  
  77  10:25  Gateway  
  77  10:34  Zealot x2  
  81  10:39  Pylon  
  81  10:53  Nexus  
  81  10:58  Gateway  
  81  11:00  Gateway  
  81  11:07  Void Ray (Chrono Boost)  
  81  11:08  Void Ray (Chrono Boost)  
  81  11:11  Disruptor (Chrono Boost)  
  92  11:32  Photon Cannon  
  92  11:33  Shield Battery  
  92  11:41  Dark Templar  
  92  11:45  Pylon  
  94  11:52  Pylon  
  94  11:54  Pylon  
  94  11:55  Pylon  
  78  12:02  Dark Templar  
  60  12:10  Dark Templar  
  56  12:18  Dark Templar  
  56  12:19  Dark Templar  
  56  12:20  Probe  
  56  12:21  Probe  
  62  12:23  Probe  
  61  12:32  Probe  
Show
View Real Time Build Order
Export as new Build Order

MeomaikA Zerg - Winner!

Build Orders: Pool First 

Get SALT Encoding   

  12  0:00  Drone  
  13  0:08  Drone  
  14  0:16  Overlord  
  14  0:26  Extractor, Drone  
  15  0:34  Drone x2  
  17  0:45  Spawning Pool  
  17  0:49  Drone  
  17  0:58  Drone  
  18  1:04  Extractor, Drone  
  18  1:15  Drone  
  19  1:21  Hatchery  
  18  1:31  Queen  
  20  1:33  Zergling x2  
  20  1:37  Drone  
  22  1:47  Overlord  
  22  2:05  Drone  
  22  2:06  Metabolic Boost  
  22  2:07  Queen  
  25  2:13  Drone  
  26  2:21  Zergling x2  
  27  2:34  Zergling x4  
  29  2:38  Zergling x2  
  29  2:40  Drone x2  
  32  2:44  Drone  
  32  2:45  Drone  
  33  2:55  Drone x2  
  35  3:03  Lair  
  35  3:04  Drone  
  35  3:05  Overlord  
  36  3:15  Extractor  
  36  3:16  Drone  
  36  3:17  Overlord  
  36  3:23  Drone  
  36  3:24  Drone x2  
  36  3:26  Drone  
  40  3:29  Drone  
  40  3:31  Drone x3  
  40  3:32  Spore Crawler  
  43  3:40  Drone x2  
  45  3:43  Queen  
  47  3:56  Hatchery  
  47  3:57  Extractor  
  47  4:02  Drone, Hydralisk Den  
  46  4:03  Spore Crawler  
  46  4:06  Drone x4  
  48  4:12  Overlord  
  48  4:17  Overlord  
  48  4:19  Drone x4  
  52  4:33  Muscular Augments, Hydralisk x3  
  52  4:34  Hydralisk  
  59  4:39  Hydralisk  
  59  4:42  Drone x2  
  62  4:45  Drone  
  62  4:48  Drone x2  
  62  4:50  Drone  
  62  4:51  Drone  
  67  5:00  Drone  
  67  5:03  Extractor, Overlord  
  67  5:04  Drone, Overlord  
  67  5:07  Overlord  
  68  5:12  Overlord  
  68  5:13  Drone x2  
  70  5:18  Hydralisk x2  
  73  5:26  Hydralisk x3  
  79  5:31  Hydralisk x2  
  79  5:34  Hydralisk  
  85  5:40  Hydralisk  
  85  5:42  Hydralisk  
  87  5:43  Drone x3  
  87  5:45  Spore Crawler, Grooved Spines  
  87  5:47  Hydralisk  
  93  5:53  Hydralisk  
  93  5:56  Hydralisk  
  95  6:02  Hydralisk  
  95  6:03  Zergling x4  
  95  6:04  Zergling x2, Overlord  
  102  6:08  Overlord, Hydralisk  
  102  6:11  Queen  
  106  6:13  Overlord  
  106  6:16  Overlord  
  106  6:27  Zergling x2  
  106  6:28  Zergling x2  
  104  6:37  Zergling x2  
  104  6:39  Zergling x2  
  103  6:40  Zergling x6  
  103  6:42  Zergling x4  
  103  6:43  Zergling x2  
  103  6:44  Zergling x2  
  103  6:46  Hydralisk  
  105  6:48  Hydralisk  
  105  6:49  Hydralisk  
  105  6:50  Zergling x2  
  96  6:58  Hydralisk  
  96  6:59  Hydralisk  
  93  7:01  Hydralisk  
  93  7:05  Queen  
  97  7:08  Extractor, Spire  
  97  7:09  Zergling x4  
  97  7:10  Zergling x6  
  97  7:13  Zergling x2  
  100  7:20  Drone  
  100  7:22  Extractor, Drone  
  101  7:24  Drone  
  101  7:30  Hatchery  
  101  7:33  Queen  
  96  7:38  Drone x2  
  96  7:39  Drone  
  96  7:42  Drone  
  96  7:43  Drone  
  88  7:52  Hydralisk x3  
  88  7:56  Zergling x2  
  83  8:03  Hydralisk x2  
  78  8:08  Drone  
  73  8:20  Corruptor  
  73  8:21  Corruptor x2  
  73  8:24  Corruptor  
  73  8:25  Corruptor  
  83  8:29  Corruptor  
  85  8:35  Corruptor x2, Hatchery  
  85  8:37  Corruptor  
  85  8:40  Corruptor  
  92  8:47  Zergling x4  
  92  8:48  Zergling x2  
  95  8:50  Zergling x4  
  95  8:51  Zergling x2  
  98  8:58  Zergling x8  
  98  8:59  Zergling x6  
  105  9:03  Zergling x2  
  105  9:04  Zergling x4  
  105  9:05  Drone  
  105  9:08  Drone x2  
  105  9:09  Drone  
  112  9:10  Drone  
  112  9:15  Zergling x6  
  112  9:16  Zergling x2  
  117  9:17  Zergling x4  
  117  9:23  Drone  
  120  9:25  Drone  
  120  9:26  Drone  
  120  9:27  Zergling x2  
  123  9:32  Zergling x6  
  123  9:35  Zergling x4  
  119  9:49  Hydralisk x8  
  119  9:51  Zergling x2  
  119  9:52  Zergling x2  
  123  9:58  Corruptor  
  123  9:59  Corruptor  
  122  10:03  Drone x2  
  117  10:10  Drone x7  
  118  10:27  Infestation Pit  
  117  10:30  Corruptor x5  
  127  10:37  Corruptor x2  
  127  10:41  Zerg Flyer Weapons Level 1  
  131  10:45  Drone x2  
  133  10:51  Overlord x3  
  132  11:11  Mutalisk x11  
  130  11:14  Drone  
  130  11:15  Extractor, Drone x3  
  130  11:18  Drone x2  
  157  11:19  Extractor, Drone  
  156  11:46  Overlord x4  
  156  11:49  Extractor  
  155  12:00  Mutalisk  
  149  12:04  Mutalisk x9  
  149  12:05  Zergling x24  
  169  12:10  Mutalisk  
  169  12:11  Zergling x2  
  169  12:13  Zergling x2  
  172  12:16  Overseer  
  172  12:18  Zergling x4  
  172  12:19  Zergling x2  
  172  12:20  Zergling x2  

Tags
 
Add a new tag
Caveats
  • Supply blocks, unpowered buildings, or Contaminate may cause inaccurate times.
  • Supply counts are checked every 10 seconds.